| TOP OF THE 1ST |
|---|
| Arkansas Razorbacks batting - Pitching for Alabama Crimson Tide : LHP Peter Stelton | | Pitching: LHP Peter Stelton | | | Batting: RHB Neil Doty | 0-0: Swinging Strike 0-1: Called Strike 0-2: Strikes out swinging | | Batting: RHB Scott Miles | 0-0: Foul Ball, location: 2F 0-1: Ball 1-1: Ball 2-1: Ball 3-1: Base on Balls | | Batting: RHB Pat Latham | 0-0: Called Strike 0-1: Ball 1-1: Ball 2-1: Ball 3-1: Base on Balls Scott Miles to second | | Batting: RHB Phil Wilkes | 0-0: Ball 1-0: Ball 2-0: Called Strike 2-1: Ball 3-1: Base on Balls Scott Miles to third Pat Latham to second | | Batting: RHB Bryan Winchell | 0-0: Foul Ball, location: 2F 0-1: Swinging Strike 0-2: Ball 1-2: DOUBLE (Line Drive, 89D) Scott Miles scores Pat Latham scores Phil Wilkes to third Runner from 3rd tries for Home, SAFE, no throw | | Batting: LHB Matt Ritenour | 0-0: Ball 1-0: Ball 2-0: Ball 3-0: Called Strike 3-1: Base on Balls | | Batting: RHB Hector Done | 0-0: Called Strike 0-1: Ball 1-1: Fielders Choice at 3rd, U5 (Groundball, 5L) Matt Ritenour to second | | Batting: RHB Ryan Schneider | 0-0: Called Strike 0-1: Ball 1-1: Swinging Strike 1-2: Fielders Choice at 2nd, 6-4 (Groundball, 6) | | Top of the 1st over - 3 run(s), 1 hit(s), 0 error(s), 1 left on base; Arkansas 3 - Alabama 0 | | BOTTOM OF THE 1ST |
|---|
| Alabama Crimson Tide batting - Pitching for Arkansas Razorbacks : RHP Bill Erickson | | Pitching: RHP Bill Erickson | | | Batting: RHB Chris Khalife | 0-0: Ball 1-0: Ball 2-0: Ball 3-0: Called Strike 3-1: DOUBLE (Line Drive, 7LM) | | Batting: RHB Andrew Mize | 0-0: Ball 1-0: Ball 2-0: Ball 3-0: Called Strike 3-1: Foul Ball, location: 2F 3-2: Base on Balls | | Batting: LHB Ben Grove | 0-0: SINGLE (Groundball, 4MD) Chris Khalife to third Andrew Mize to second Runner from 3rd tries for Home, SAFE, no throw | | Batting: RHB Eric Evans | 0-0: Foul Ball, location: 2F 0-1: Called Strike 0-2: Ball 1-2: Ball 2-2: Foul Ball, location: 2F 2-2: Ball 3-2: Base on Balls Andrew Mize to third Ben Grove to second | | Batting: LHB Ian Baker | 0-0: Swinging Strike 0-1: Ball 1-1: Ball 2-1: Ball 3-1: Foul Ball, location: 2F 3-2: Base on Balls Andrew Mize scores Ben Grove to third Eric Evans to second | | Batting: RHB Jason Dupree | 0-0: Fly out, F8 (Flyball, 8RD) Runner from 3rd tags up, SCORES, no throw | | Batting: LHB Joe Duffee | 0-0: Ball 1-0: Called Strike 1-1: Ground out 5-3 (Groundball, 5S) Eric Evans to third Ian Baker to second | | Batting: RHB Andy Bishop | 0-0: SINGLE (Line Drive, 89S) Eric Evans scores Ian Baker to third Runner from 3rd tries for Home, SAFE, no throw | | Batting: RHB Armando Ramirez | 0-0: Ball Andy Bishop is caught stealing 2nd base | | Bottom of the 1st over - 5 run(s), 3 hit(s), 0 error(s), 0 left on base; Arkansas 3 - Alabama 5 | | TOP OF THE 2ND |
|---|
| Arkansas Razorbacks batting - Pitching for Alabama Crimson Tide : LHP Peter Stelton | | Batting: RHB Lennox Bartlett | 0-0: Ball 1-0: Ball 2-0: Reached on error, E6 (Groundball, 6) | | Batting: RHB Neil Doty | 0-0: Ball 1-0: Ball 2-0: Ball 3-0: Base on Balls | | Batting: RHB Scott Miles | 0-0: Ball 1-0: Swinging Strike 1-1: SINGLE (Groundball, 56D) Lennox Bartlett to third Neil Doty to second Runner from 3rd tries for Home, SAFE, no throw | | Batting: RHB Pat Latham | 0-0: Ball 1-0: Ball 2-0: Ball 3-0: Called Strike 3-1: Fly out, F9 (Flyball, 89D) Runner from 2nd tags up, SAFE at 3rd, no throw | | Batting: RHB Phil Wilkes | 0-0: Called Strike 0-1: Swinging Strike 0-2: Strikes out looking | | Batting: RHB Bryan Winchell | 0-0: Ball 1-0: Foul Ball, location: 2F 1-1: Ball 2-1: Fly out, F9 (Flyball, 89M) | | Top of the 2nd over - 1 run(s), 1 hit(s), 1 error(s), 2 left on base; Arkansas 4 - Alabama 5 | | BOTTOM OF THE 2ND |
|---|
| Alabama Crimson Tide batting - Pitching for Arkansas Razorbacks : RHP Bill Erickson | | Batting: RHB Armando Ramirez | 0-0: Called Strike 0-1: Swinging Strike 0-2: Fly out, F7 (Flyball, 78M) | | Batting: RHB Chris Khalife | 0-0: Ball 1-0: Fly out, F9 (Flyball, 9S) | | Batting: RHB Andrew Mize | 0-0: Called Strike 0-1: Ball 1-1: Ball 2-1: SINGLE (Flyball, 7LS) | | Batting: LHB Ben Grove | 0-0: Ball 1-0: Ball 2-0: Called Strike 2-1: Ball Andrew Mize steals 2nd base 3-1: Called Strike 3-2: Foul Ball, location: 2F 3-2: Base on Balls | | Pitching: RHP Chris Crawford | | | Batting: RHB Eric Evans | 0-0: Ball Passed Ball! Andrew Mize to third Ben Grove to second 1-0: Foul Ball, location: 2F 1-1: Swinging Strike 1-2: Ball 2-2: Ball 3-2: Foul Ball, location: 2F 3-2: Base on Balls | | Batting: LHB Ian Baker | 0-0: Called Strike 0-1: Called Strike 0-2: Ball 1-2: Ball 2-2: Hit by Pitch Andrew Mize scores Ben Grove to third Eric Evans to second | | Batting: RHB Jason Dupree | 0-0: Called Strike 0-1: Ball 1-1: Foul Ball, location: 2F 1-2: Ball 2-2: Foul Ball, location: 2F 2-2: Fly out, F8 (Flyball, 8LM) | | Bottom of the 2nd over - 1 run(s), 1 hit(s), 0 error(s), 3 left on base; Arkansas 4 - Alabama 6 | | TOP OF THE 3RD |
|---|
| Arkansas Razorbacks batting - Pitching for Alabama Crimson Tide : LHP Peter Stelton | | Batting: LHB Matt Ritenour | 0-0: Ball 1-0: Ball 2-0: Fly out, F5 (Popup, 56S) | | Batting: RHB Hector Done | 0-0: Foul Ball, location: 2F 0-1: Foul Ball, location: 2F 0-2: Ball 1-2: SINGLE (Groundball, 25) (infield hit) | | Batting: RHB Ryan Schneider | 0-0: Called Strike 0-1: Foul Ball, location: 2F 0-2: Foul Ball, location: 2F 0-2: Fly out, F9 (Line Drive, 9S) | | Batting: RHB Lennox Bartlett | 0-0: Ball 1-0: Ball 2-0: Ball 3-0: Called Strike 3-1: Foul Ball, location: 2F 3-2: Base on Balls Hector Done to second | | Batting: RHB Neil Doty | 0-0: Swinging Strike 0-1: Called Strike 0-2: Ball 1-2: Ball 2-2: Ball 3-2: Base on Balls Hector Done to third Lennox Bartlett to second | | Batting: RHB Scott Miles | 0-0: Ball Wild Pitch! Hector Done scores Lennox Bartlett to third Neil Doty to second 1-0: Ball 2-0: DOUBLE (Line Drive, 7LM) Lennox Bartlett scores Neil Doty scores | | Pitching: LHP John Davis | | | Batting: RHB Pat Latham | 0-0: Ball 1-0: Swinging Strike 1-1: Ball 2-1: Swinging Strike 2-2: Ball 3-2: Fly out, F8 (Flyball, 8LXD) | | Top of the 3rd over - 3 run(s), 2 hit(s), 0 error(s), 1 left on base; Arkansas 7 - Alabama 6 | | BOTTOM OF THE 3RD |
|---|
| Alabama Crimson Tide batting - Pitching for Arkansas Razorbacks : RHP Chris Crawford | | Batting: LHB Joe Duffee | 0-0: Called Strike 0-1: Foul Ball, location: 2F 0-2: Strikes out looking | | Pitching: RHP Dave Stoddard | | | Batting: RHB Andy Bishop | 0-0: DOUBLE (Line Drive, 7LD) | | Batting: RHB Armando Ramirez | 0-0: Called Strike 0-1: Foul Ball, location: 2F 0-2: Ball 1-2: Ball 2-2: Ground out 5-3 (Groundball, 5L) | | Batting: RHB Chris Khalife | 0-0: SINGLE (Line Drive, 8LS) Andy Bishop to third Runner from 3rd tries for Home, SAFE, no throw | | Batting: RHB Andrew Mize | 0-0: Hit by Pitch Chris Khalife to second | | Batting: LHB Ben Grove | 0-0: Ball 1-0: Foul Ball, location: 2F 1-1: Called Strike 1-2: Ground out U3 (Groundball, 34S) | | Bottom of the 3rd over - 1 run(s), 2 hit(s), 0 error(s), 2 left on base; Arkansas 7 - Alabama 7 | | TOP OF THE 4TH |
|---|
| Arkansas Razorbacks batting - Pitching for Alabama Crimson Tide : LHP John Davis | | Batting: RHB Phil Wilkes | 0-0: Ball 1-0: Ball 2-0: Ball 3-0: Called Strike 3-1: Foul Ball, location: 2F 3-2: Fly out, F2 (Popup, 2RF) | | Batting: RHB Bryan Winchell | 0-0: Swinging Strike 0-1: Foul Ball, location: 2F 0-2: Strikes out swinging | | Batting: LHB Matt Ritenour | 0-0: Swinging Strike 0-1: Swinging Strike 0-2: Strikes out swinging | | Top of the 4th over - 0 run(s), 0 hit(s), 0 error(s), 0 left on base; Arkansas 7 - Alabama 7 | | BOTTOM OF THE 4TH |
|---|
| Alabama Crimson Tide batting - Pitching for Arkansas Razorbacks : RHP Dave Stoddard | | Batting: RHB Eric Evans | 0-0: Ball 1-0: Foul Ball, location: 2F 1-1: Ball 2-1: Foul Ball, location: 2F 2-2: Ball 3-2: Foul Ball, location: 2F 3-2: Foul Ball, location: 2F 3-2: Base on Balls | | Batting: LHB Ian Baker | 0-0: Ball 1-0: Ball 2-0: Ball 3-0: Called Strike 3-1: Base on Balls Eric Evans to second | | Batting: RHB Jason Dupree | 0-0: Ball 1-0: Ball 2-0: Fly out, F6 (Popup, 6MS) | | Batting: LHB Joe Duffee | 0-0: Foul Ball, location: 2F 0-1: Ball 1-1: Fly out, F8 (Flyball, 8LS) | | Batting: RHB Andy Bishop | 0-0: Ball 1-0: Called Strike 1-1: SINGLE (Groundball, 34D) Eric Evans to third Ian Baker to second Runner from 3rd tries for Home, SAFE, no throw | | Batting: RHB Armando Ramirez | 0-0: Ball 1-0: Ball 2-0: Ball 3-0: Base on Balls Ian Baker to third Andy Bishop to second | | Batting: RHB Chris Khalife | 0-0: Called Strike 0-1: SINGLE (Line Drive, 7S) Ian Baker scores Andy Bishop to third Armando Ramirez to second Runner from 3rd tries for Home, SAFE, no throw | | Pitching: RHP Oscar Vasquez | | | Batting: RHB Andrew Mize | 0-0: Ball 1-0: Ball 2-0: TRIPLE (Flyball, 78XD) Armando Ramirez scores Chris Khalife scores | | Batting: LHB Ben Grove | 0-0: Called Strike 0-1: Ball 1-1: Fly out, F8 (Flyball, 8LD) | | Bottom of the 4th over - 5 run(s), 3 hit(s), 0 error(s), 1 left on base; Arkansas 7 - Alabama 12 | | TOP OF THE 5TH |
|---|
| Arkansas Razorbacks batting - Pitching for Alabama Crimson Tide : LHP John Davis | | Batting: RHB Hector Done | 0-0: Foul Ball, location: 2F 0-1: Swinging Strike 0-2: Ball 1-2: Foul Ball, location: 2F 1-2: Ball 2-2: Foul Ball, location: 2F 2-2: Ball 3-2: Strikes out swinging | | Batting: RHB Ryan Schneider | 0-0: Called Strike 0-1: Foul Ball, location: 2F 0-2: Strikes out swinging | | Batting: RHB Lennox Bartlett | 0-0: Ball 1-0: Ball 2-0: Called Strike 2-1: Fly out, F5 (Popup, 56) | | Top of the 5th over - 0 run(s), 0 hit(s), 0 error(s), 0 left on base; Arkansas 7 - Alabama 12 | | BOTTOM OF THE 5TH |
|---|
| Alabama Crimson Tide batting - Pitching for Arkansas Razorbacks : RHP Oscar Vasquez | | Batting: RHB Eric Evans | 0-0: Ground out 4-3 (Groundball, 4) | | Batting: LHB Ian Baker | 0-0: Fly out, F9 (Flyball, 9S) | | Batting: RHB Jason Dupree | 0-0: Called Strike 0-1: SINGLE (Line Drive, 78S) | | Batting: LHB Joe Duffee | 0-0: Ball 1-0: SINGLE (Groundball, 6MD) Jason Dupree to second | | Batting: RHB Andy Bishop | 0-0: Ball 1-0: Ball 2-0: Ball 3-0: Called Strike 3-1: Ground out 1-3 (Groundball, 15) | | Bottom of the 5th over - 0 run(s), 2 hit(s), 0 error(s), 2 left on base; Arkansas 7 - Alabama 12 | | TOP OF THE 6TH |
|---|
| Arkansas Razorbacks batting - Pitching for Alabama Crimson Tide : LHP John Davis | | Batting: RHB Neil Doty | 0-0: Called Strike 0-1: Ball 1-1: Foul Ball, location: 2F 1-2: Ball 2-2: Fly out, F5 (Line Drive, 5) | | Batting: RHB Scott Miles | 0-0: Foul Ball, location: 2F 0-1: Ball 1-1: Ball 2-1: Foul Ball, location: 2F 2-2: Fly out, F6 (Popup, 6MD) | | Batting: RHB Pat Latham | 0-0: SINGLE (Line Drive, 78M) | | Batting: RHB Phil Wilkes | 0-0: SINGLE (Groundball, 56D) Pat Latham to second | | Batting: RHB Bryan Winchell | 0-0: Ground out 4-3 (Groundball, 4S) | | Top of the 6th over - 0 run(s), 2 hit(s), 0 error(s), 2 left on base; Arkansas 7 - Alabama 12 | | BOTTOM OF THE 6TH |
|---|
| Alabama Crimson Tide batting - Pitching for Arkansas Razorbacks : RHP Oscar Vasquez | | Batting: RHB Armando Ramirez | 0-0: Foul Ball, location: 2F 0-1: Ball 1-1: Ball 2-1: Foul Ball, location: 2F 2-2: Ball 3-2: Foul Ball, location: 2F 3-2: Strikes out looking | | Batting: RHB Chris Khalife | 0-0: Ball 1-0: Called Strike 1-1: Ball 2-1: Ground out 5-3 (Groundball, 56S) | | Batting: RHB Andrew Mize | 0-0: Ball 1-0: Called Strike 1-1: Ball 2-1: Ground out U3 (Groundball, 34) | | Bottom of the 6th over - 0 run(s), 0 hit(s), 0 error(s), 0 left on base; Arkansas 7 - Alabama 12 | | TOP OF THE 7TH |
|---|
| Arkansas Razorbacks batting - Pitching for Alabama Crimson Tide : LHP John Davis | | Batting: LHB Matt Ritenour | 0-0: Ball 1-0: Called Strike 1-1: Swinging Strike 1-2: Ground out 6-3 (Groundball, 56) | | Batting: RHB Hector Done | 0-0: Ball 1-0: Foul Ball, location: 2F 1-1: SINGLE (Groundball, P) (infield hit) | | Pitching: LHP Tony Hernandez | | | Batting: RHB Ryan Schneider | 0-0: Ball 1-0: Ball 2-0: Called Strike 2-1: Swinging Strike 2-2: Foul Ball, location: 2F 2-2: Strikes out looking | | Batting: RHB Lennox Bartlett | 0-0: Ball 1-0: Swinging Strike 1-1: Foul Ball, location: 2F 1-2: Ball 2-2: Strikes out swinging | | Top of the 7th over - 0 run(s), 1 hit(s), 0 error(s), 1 left on base; Arkansas 7 - Alabama 12 | | BOTTOM OF THE 7TH |
|---|
| Alabama Crimson Tide batting - Pitching for Arkansas Razorbacks : RHP Oscar Vasquez | | Batting: LHB Ben Grove | 0-0: Ball 1-0: Foul Ball, location: 2F 1-1: Fly out, F9 (Flyball, 9LS) | | Batting: RHB Eric Evans | 0-0: Foul Ball, location: 2F 0-1: Ground out 4-3 (Groundball, 4) | | Batting: LHB Ian Baker | 0-0: Fly out, F9 (Flyball, 9S) | | Bottom of the 7th over - 0 run(s), 0 hit(s), 0 error(s), 0 left on base; Arkansas 7 - Alabama 12 | | TOP OF THE 8TH |
|---|
| Arkansas Razorbacks batting - Pitching for Alabama Crimson Tide : LHP Tony Hernandez | | Now at 1B: Julian McKinney | | | Batting: RHB Neil Doty | 0-0: Called Strike 0-1: Ball 1-1: Swinging Strike 1-2: Ball 2-2: Ball 3-2: Strikes out swinging | | Batting: RHB Scott Miles | 0-0: Ball 1-0: Ball 2-0: SINGLE (Line Drive, 34D) | | Batting: RHB Pat Latham | 0-0: Foul Ball, location: 2F 0-1: Fielders Choice at 2nd, 1-4 (Groundball, 15S) | | Batting: RHB Phil Wilkes | Balk! Pat Latham to second 0-0: Ball 1-0: Foul Ball, location: 2F 1-1: Foul Ball, location: 2F 1-2: Foul Ball, location: 2F 1-2: Ground out 6-3 (Groundball, 6) | | Top of the 8th over - 0 run(s), 1 hit(s), 0 error(s), 1 left on base; Arkansas 7 - Alabama 12 | | BOTTOM OF THE 8TH |
|---|
| Alabama Crimson Tide batting - Pitching for Arkansas Razorbacks : RHP Oscar Vasquez | | Batting: RHB Jason Dupree | 0-0: Called Strike 0-1: Ball 1-1: Foul Ball, location: 2F 1-2: Hit by Pitch | | Batting: LHB Joe Duffee | 0-0: Called Strike 0-1: Ball 1-1: Called Strike 1-2: SINGLE (Groundball, 3D) Jason Dupree to second Runner from 2nd tries for 3rd, SAFE, no throw | | Batting: RHB Andy Bishop | 0-0: Grounds into double play, 6-4-3 (Groundball, 6) Jason Dupree scores | | Batting: RHB Armando Ramirez | 0-0: Ball 1-0: Called Strike 1-1: Swinging Strike 1-2: Foul Ball, location: 2F 1-2: Strikes out swinging | | Bottom of the 8th over - 1 run(s), 1 hit(s), 0 error(s), 0 left on base; Arkansas 7 - Alabama 13 | | TOP OF THE 9TH |
|---|
| Arkansas Razorbacks batting - Pitching for Alabama Crimson Tide : LHP Tony Hernandez | | Batting: RHB Bryan Winchell | 0-0: Called Strike 0-1: Ball 1-1: Fly out, F3 (Popup, 3SF) | | Batting: LHB Matt Ritenour | 0-0: Ball 1-0: Ball 2-0: Ball 3-0: Base on Balls | | Batting: RHB Hector Done | 0-0: Ball 1-0: Called Strike 1-1: Foul Ball, location: 2F 1-2: SINGLE (Groundball, 6) (infield hit) Matt Ritenour to second | | Batting: RHB Ryan Schneider | 0-0: Ball 1-0: Ball 2-0: Ball 3-0: Called Strike 3-1: Called Strike 3-2: Base on Balls Matt Ritenour to third Hector Done to second | | Batting: RHB Lennox Bartlett | 0-0: Ground out 5-3 (Groundball, 56S) Matt Ritenour scores Hector Done to third Ryan Schneider to second | | Batting: RHB Neil Doty | 0-0: Ball 1-0: Ball 2-0: Swinging Strike 2-1: Foul Ball, location: 2F 2-2: Ball 3-2: Base on Balls | | Pitching: LHP Garret Lynes | | | Batting: RHB Scott Miles | 0-0: Swinging Strike 0-1: Ball 1-1: Ball 2-1: Ball 3-1: Ground out 1-3 (Groundball, 15S) | | Top of the 9th over - 1 run(s), 1 hit(s), 0 error(s), 3 left on base; Arkansas 8 - Alabama 13 | |